 Dungeon Crawl Stone Soup version 0.19.0-2-gae57169 (webtiles) character file.

429 Gargoyl the Distorting Demonspawn (level 6, -1/48 HPs)
             Began as a Demonspawn Abyssal Knight on Nov 4, 2016.
             Was a Believer of Lugonu.
             Slain by nikitadem's ghost (5 damage)
             ... on level 4 of the Dungeon.
             The game lasted 00:06:39 (2765 turns).

Gargoyl the Distorting Demonspawn (DsAK)            Turns: 2765, Time: 00:06:40

Health: -1/48      AC: 13    Str: 13 (14) XL:     6   Next: 66%
Magic:  9/9        EV: 10    Int: 10 (13) God:    Lugonu [**....]
Gold:   221        SH:  0    Dex: 11 (13) Spells: 0 memorised, 5 levels left

rFire  . . .     SeeInvis .     a - +1 hand axe
rCold  . . .     Gourm    .     g - +0 chain mail
rNeg   . . .     Faith    .     (no shield)
rPois  .         Spirit   .     s - +2 helmet
rElec  .         Reflect  .     (no cloak)
rCorr  .         Harm     .     p - +0 pair of gloves
MR     +....                    (no boots)
Stlth  ..........               i - amulet of regeneration
                                j - +3 ring of evasion
                                b - ring of protection from magic

@: very slightly contaminated
A: claws 2, sturdy frame 1
a: Depart the Abyss, Bend Space, Renounce Religion


You were on level 4 of the Dungeon.
You worshipped Lugonu.
Lugonu was pleased with you.
You were very hungry.

You visited 1 branch of the dungeon, and saw 4 of its levels.
You visited the Abyss 1 time.

You collected 221 gold pieces.

Inventory:

Hand Weapons
 a - a +1 hand axe (weapon)
Armour
 g - a +0 chain mail (worn)
 p - a +0 pair of gloves (worn)
 s - a +2 helmet (worn)
Jewellery
 b - a ring of protection from magic (left hand)
 f - a +4 ring of dexterity {unknown}
 i - an amulet of regeneration (around neck)
 j - a +3 ring of evasion (right hand)
Wands
 t - a wand of hasting (0/9)
Scrolls
 h - a scroll of fear
 l - 6 scrolls of teleportation
 r - 2 scrolls of identify
 u - a scroll of enchant weapon {unknown}
Potions
 e - a potion of heal wounds
 m - a potion of brilliance
 o - a potion of degeneration
Comestibles
 c - 7 bread rations
 d - a beef jerky
 k - a slice of pizza
 n - a fruit
 q - 2 meat rations


   Skills:
 + Level 4.1 Fighting
 + Level 3.7 Axes
 * Level 3.6 Armour
 + Level 1.6 Dodging
 * Level 4.7 Invocations


You had 5 spell levels left.
You didn't know any spells.

Dungeon Overview and Level Annotations

Branches:
Dungeon (4/15)
 Temple: D:4-7

Altars:

Annotations:
D:4 nikitadem's ghost, amateur MiBe


Innate Abilities, Weirdness & Mutations

You have very sharp fingernails.
Your movements are slightly less encumbered by armour. (ER -2)


Message History

Nikitadem's ghost closely misses you.
You hit nikitadem's ghost but do no damage.
Nikitadem's ghost is heavily damaged.
Nikitadem's ghost hits you!
* * * LOW HITPOINT WARNING * * *
You barely miss nikitadem's ghost.
Nikitadem's ghost is heavily damaged.
Nikitadem's ghost hits you but does no damage.
You hit nikitadem's ghost.
Nikitadem's ghost is heavily damaged.
Nikitadem's ghost barely misses you. Nikitadem's ghost hits you!
* * * LOW HITPOINT WARNING * * *
You hit nikitadem's ghost but do no damage.
Nikitadem's ghost is heavily damaged.
Nikitadem's ghost says, "You will join me soon!"
Nikitadem's ghost barely misses you.
You hit nikitadem's ghost.
Nikitadem's ghost is heavily damaged.
Nikitadem's ghost hits you.
You die...

#.#.#.#.#.#...........#.[....
.#.#.#.#.#.########.#.#.#####
.#<#.#.#.#..# #.#.#.#
#.########.# #.#.#.# #
#.######.#.#.# #.#........#.#
#.#.####.#.#.# #.# #.###.#
#@# #...#.##### #W#
###.#......
#.#.######.#.###..
#.#........#.#....
#?######.#.#.#.### #.#
#.#.#...#.. #.# #.#.###.#.#
#.# ..#.# #...# ####.# ###.#


You could see nikitadem's ghost.

Vanquished Creatures
  The ghost of Jerry the Firebug, an amateur OpFE (D:3)
  2 orc wizards
  2 worker ants (D:4)
  Robin (D:4)
  7 adders
  An ooze (D:2)
  2 worms (D:3)
  3 dart slugs
  3 leopard geckos
  3 orcs
  2 giant cockroaches
  10 goblins
  11 hobgoblins
  3 jackals (D:2)
  6 kobolds
  2 quokkas
  A ball python (D:2)
  A ball python skeleton (D:4)
  5 bats
  2 frilled lizards
  9 rats
77 creatures vanquished.

Notes
Turn   | Place    | Note
-------+----------+-------------------------------------------
     0 | Abyss:1  | Gargoyl the Demonspawn Abyssal Knight began the quest for the Orb.
     0 | Abyss:1  | Reached XP level 1. HP: 18/18 MP: 2/2
   130 | Abyss:1  | Noticed a hungry ghost
   143 | Abyss:1  | Noticed an orange demon
   157 | Abyss:1  | Noticed a large abomination
   197 | Abyss:2  | Noticed a small abomination
   204 | Abyss:2  | Noticed a wizard
   207 | D:1      | Escaped the Abyss
   411 | D:1      | Gained mutation: Your movements are slightly less encumbered by armour. (ER -2) [demonic ancestry]
   411 | D:1      | Reached XP level 2. HP: 24/24 MP: 3/3
   651 | D:2      | Reached * piety under Lugonu
   663 | D:2      | Reached skill level 1 in Dodging
   820 | D:2      | Gained mutation: You have sharp fingernails. [demonic ancestry]
   820 | D:2      | Reached XP level 3. HP: 23/29 MP: 5/5
  1423 | D:3      | Noticed Jerry's ghost (amateur OpFE)
  1503 | D:3      | Killed Jerry's ghost
  1503 | D:3      | Reached XP level 4. HP: 14/37 MP: 5/7
  1503 | D:3      | Gained mutation: You have very sharp fingernails. [demonic ancestry]
  1503 | D:3      | Reached XP level 5. HP: 16/42 MP: 5/8
  1697 | D:3      | Reached ** piety under Lugonu
  1860 | D:2      | Reached XP level 6. HP: 37/48 MP: 9/9
  2225 | D:4      | Noticed Robin
  2261 | D:4      | Killed Robin
  2700 | D:4      | Noticed nikitadem's ghost (amateur MiBe)
  2763 | D:4      | HP: 2/48 [nikitadem's ghost (7)]
  2765 | D:4      | Slain by nikitadem's ghost

Skill      XL: |  1  2  3  4  5 |
---------------+----------------+-----
Armour         | 2 3 |  3.6
Axes           | 2 3 |  3.7
Dodging        | 1 |  1.6
Invocations    | 3 4 |  4.7
Fighting       | 4 |  4.1

Action                   |  1- 3 |  4- 6 || total
-------------------------+-------+-------++-------
Melee: Hand axe          |   161 |   275 ||   436
Invok: Depart the Abyss  |     1 |       ||     1
Evoke: Wand              |       |     1 ||     1
  Use: Scroll            |     3 |     9 ||    12
       Potion            |     4 |     1 ||     5
  Eat: Chunk             |     1 |     5 ||     6
Armor: Chain mail        |    98 |   179 ||   277
       Skin              |    21 |       ||    21
Dodge: Dodged            |    70 |   129 ||   199
